cohdb
Replays
Latest Replays
All Replays
Popular Replays
Top Player Replays
Match Explorer
How It Works
Community
CoH3 Stats
Reddit
Sign in to upload your games and track your stats! →
Sign in with Steam
Match 25432549
Unlisted
Match 25432549
Overview
Messages
Build Orders
End
Kradschützen Motorcycle Team
250 Light Carrier
Panzergrenadier Squad
Construct Light Support Kompanie
MG34 Team
Fire Support Elements
Combat Half-tracks
Panzerjäger Mechanized Group
Flakvierling Half-track
Selects Italian Infantry
Selects Guastatori Squad
Guastatori Squad
Selects Registered Artillery
BlackDolphin
IAmWithNoob
noony2351
ConcernedApe
0
0
Comments
sign in to comment!
No comments posted yet!